 Dungeon Crawl Stone Soup version 0.31-a0-845-g9abc20d24f (console) character file.

Game seed: 10272147327399502817

11515 petzl the Magician (level 12, -12/82 (88) HPs)
             Began as a Formicid Delver on Oct 1, 2023.
             Was a Believer of Vehumet.
             Mangled by a caustic shrike simulacrum (29 damage)
             ... in an ice cave.
             The game lasted 01:03:15 (12706 turns).

petzl the Magician (Formicid Delver)               Turns: 12706, Time: 01:03:15

HP:   -12/82 (88)   AC: 14    Str: 16    XL:     12   Next: 8%
MP:   9/23          EV: 12    Int: 19    God:    Vehumet [**....]
Gold: 703           SH:  0    Dex: 18    Spells: 7/26 levels left

rFire   . . .        b - +3 shortbow {flame, Drain Int+3 Dex+3}
rCold   . . .        (no shield)
rNeg    . . .        D - +4 ring mail
rPois   .            (helmet unavailable)
rElec   .            T - +0 cloak
rCorr   +            k - +0 pair of gloves
SInv    +            m - +0 pair of boots
Will    +....        (no amulet)
Stlth   +++          i - +4 ring of slaying
HPRegen 0.33/turn    y - ring of resist corrosion
MPRegen 0.18/turn

%: no passive effects
@: very slightly contaminated, drained
A: permanent stasis, dig shafts and tunnels, antennae 3, four strong arms
a: Dig, Renounce Religion


You were in an ice cave.
You worshipped Vehumet.
Vehumet was pleased with you.
You visited 1 branch of the dungeon, and saw 14 of its levels.
You also visited: Ice Cave.

You collected 703 gold pieces.

Inventory:

Hand Weapons
 a - the +2 trident of Gallantry {venom, rElec rC++ Str+8 Dex-3}
   (You found it on level 6 of the Dungeon)

   Str+8:     It affects your strength (+8).
   Dex-3:     It affects your dexterity (-3).
   rC++:      It greatly protects you from cold.
   rElec:     It insulates you from electricity.
 b - the +3 shortbow "Pifut" (weapon) {flame, Drain Int+3 Dex+3}
   (You found it on level 2 of the Dungeon)

   Int+3:     It affects your intelligence (+3).
   Dex+3:     It affects your dexterity (+3).
   Drain:     It drains your maximum health when unequipped.
 x - a +5 whip of flaming
 A - a +2 whip of freezing
 F - a +0 shortbow
 G - a +1 heavy flail
 I - a +2 short sword of venom
 J - the +5 hand axe "Fenat" {heavy, *Corrode rPois rF+ Stlth+, !f =f}
   (You found it on level 8 of the Dungeon)

   rF+:       It protects you from fire.
   rPois:     It protects you from poison *Corrode: It may corrode you when you
   take damage.
   Stlth+:    It makes you more stealthy.
 U - a +0 flail of protection
 V - a +2 spectral quarterstaff
Missiles
 h - 40 poisoned darts
 n - 100 stones
 v - 2 throwing nets
 B - 8 boomerangs
Armour
 k - a +0 pair of gloves (worn)
 m - a +0 pair of boots (worn)
 D - a +4 ring mail (worn)
 T - a +0 cloak (worn)
 W - a +0 buckler
Jewellery
 i - a +4 ring of slaying (left hand)
 y - a ring of resist corrosion (right hand)
 C - an amulet of reflection
 N - an amulet of the acrobat
Wands
 f - a wand of digging (8)
 K - a wand of flame (28)
 M - a wand of mindburst (8)
 Q - a wand of polymorph (4)
Scrolls
 c - 2 scrolls of fog
 d - 3 scrolls of revelation
 e - 3 scrolls of fear
 j - 3 scrolls of enchant weapon
 l - 5 scrolls of silence
 o - 2 scrolls of identify
 s - 3 scrolls of amnesia
 u - 2 scrolls of vulnerability
 w - a scroll of acquirement
 z - 6 scrolls of enchant armour
 O - 2 scrolls of poison
 S - 2 scrolls of immolation
Potions
 g - 2 potions of berserk rage {unknown}
 p - 3 potions of brilliance {unknown}
 q - 3 potions of curing
 r - 2 potions of enlightenment {unknown}
 t - a potion of lignification {unknown}
 E - a potion of might {unknown}
 H - 2 potions of heal wounds {unknown}
 L - 2 potions of mutation {unknown}
 P - 2 potions of attraction {unknown}
 R - a potion of cancellation {unknown}


   Skills:
 - Level 6.0 Fighting
 - Level 2.0 Maces & Flails
 - Level 4.0 Ranged Weapons
 - Level 6.0 Armour
 - Level 4.0 Dodging
 - Level 6.0 Stealth
 - Level 1.4 Shields
 - Level 7.5 Spellcasting
 - Level 7.2 Conjurations
 + Level 5.4 Fire Magic
 - Level 5.2 Ice Magic
 - Level 5.0 Air Magic
 - Level 7.0 Poison Magic
 - Level 2.0 Evocations


You had 7 spell levels left.
You knew the following spells:

 Your Spells              Type           Power      Damage    Failure   Level
a - Poisonous Vapours     Pois/Air       58%        N/A       2%          2
b - Fireball              Conj/Fire      15%        3d8       34%         5
l - Freezing Cloud        Conj/Ice/Air   14%        6-21      38%         5
m - Mephitic Cloud        Conj/Pois/Air  31%        N/A       3%          3
T - Olgreb's Toxic Radia  Pois           33%        N/A       10%         4

Your spell library contained the following spells:

 Spells                   Type           Power      Damage    Failure   Level
 Frozen Ramparts          Ice            54%        1d9       6%          3
 Magic Dart               Conj           100%       1d8       1%          1
 Searing Ray              Conj           68%        2d6       1%          2
 Sting                    Tmut/Pois      80%        1d7       4%          1
 Apportation              Tloc           14%        N/A       17%         1
 Necrotise                Necr           28%        1d5       17%         1
 Summon Small Mammal      Summ           28%        N/A       17%         1
 Iskenderun's Battlesphe  Conj           34%        2d9       24%         5
 Brom's Barrelling Bould  Conj/Erth      20%        2d4       36%         4
 Fulminant Prism          Conj/Hex       10%        3d8       36%         4
 Arcjolt                  Conj/Air       15%        1d25      36%         5
 Call Canine Familiar     Summ           7%         N/A       45%         3
 Sigil of Binding         Hex            7%         N/A       45%         3
 Summon Guardian Golem    Hex/Summ       7%         N/A       45%         3
 Summon Lightning Spire   Summ/Air       16%        N/A       52%         4
 Animate Armour           Summ/Erth      14%        N/A       86%         4
 Dimensional Bullseye     Hex/Tloc       3%         N/A       86%         4
 Leda's Liquefaction      Hex/Erth       3%         N/A       86%         4
 Conjure Ball Lightning   Conj/Air       15%        3x3d6     91%         6
 Lee's Rapid Deconstruct  Erth           3%         3d5*      99%         5
 Orb of Destruction       Conj           17%        9d7       100%        7
 Maxwell's Capacitive Co  Air            13%        ∞         100%        8
 Vhi's Electric Charge    Tloc/Air       Unusable   N/A       N/A         4

Dungeon Overview and Level Annotations

Branches:
Dungeon (14/15)            Temple (0/1) D:4            Lair (0/5) D:11
    Orc (0/2) D:11          IceCv (1/1)
 Vaults: D:13-14

Altars:
Dithmenos
Elyvilon
Hepliaklqana
Kikubaaqudgha
Makhleb
Nemelex Xobeh
Okawaru
Qazlal
Ru
Sif Muna
Trog
Vehumet
Yredelemnul

Annotations:
D:12 exclusions: downstairs and 2 sensed monsters (detected)


Innate Abilities, Weirdness & Mutations

You cannot be hasted, slowed, berserked, paralysed or teleported.
You can dig through walls and to a lower floor.
You have a pair of large antennae on your head. (SInv)
Your four strong arms can wield two-handed weapons with a shield.


Message History

Aiming: Fireball (quite dangerous; 34% risk of failure)
Press: ? - help, Shift-Dir - straight line, f - caustic shrike simulacrum, p - alligator simulacrum
Aim: a caustic shrike simulacrum (lightly damaged)
You miscast Fireball.
You are very lightly contaminated with residual magic.
There is a sudden and violent explosion of flames!
A caustic shrike simulacrum comes into view.
Unknown command.
Casting: Fireball (quite dangerous; 34% risk of failure)
Confirm with . or Enter, or press ? or * to list all spells.
The spell is quite dangerous to miscast (34% risk of failure)!
Continue anyway?
Aiming: Fireball (quite dangerous; 34% risk of failure)
Press: ? - help, Shift-Dir - straight line, p - caustic shrike simulacrum You miscast Fireball.
Nothing appears to happen.
Unknown command.
Unknown command.
Casting: Fireball (quite dangerous; 34% risk of failure)
Confirm with . or Enter, or press ? or * to list all spells.
The spell is quite dangerous to miscast (34% risk of failure)!
Continue anyway?
Aiming: Fireball (quite dangerous; 34% risk of failure)
Press: ? - help, Shift-Dir - straight line
Okay, then.
Unknown command.
Unknown command.
As you read the scroll of fog, it dissolves into smoke.
The caustic shrike simulacrum claws you but does no damage. x2
You extend your mandibles.
You dig through the ice covered rock wall.
You feel drained.
The caustic shrike simulacrum attacks as it pursues you!
The caustic shrike simulacrum claws you.
The caustic shrike simulacrum freezes you!!!
Ouch! That really hurt!
The caustic shrike simulacrum claws you but does no damage.
You dig through the rock wall.
You feel drained.
The caustic shrike simulacrum attacks as it pursues you!
The caustic shrike simulacrum claws you!
* * * LOW HITPOINT WARNING * * *
The caustic shrike simulacrum freezes you!!
You die...

#######
#..§..##
##Z§§§..## Z
##Z§§§§..Z#...Z
#@#§Z§{∩{{{Z..Z
###§§§§.Z.#Z..Z
#§..§..## Z
#.....##
#######


You could see an alligator simulacrum and a caustic shrike simulacrum.

Vanquished Creatures
  2 two-headed ogres
  4 spriggan simulacra (D:14)
  A cyclops (D:11)
  An unseen horror (D:11)
  Maggie (D:8)
  A hornet (D:9)
  The ghost of randomguy2701 the Magician, an amateur GnWn of Wu Jian (D:4)
  A dire elephant simulacrum (D:14)
  2 shadows
  3 wraiths
  2 wyverns (D:9)
  9 yaks
  Eustachio (D:4)
  3 steam dragons
  A minotaur simulacrum (D:14)
  2 water moccasins (D:11)
  A sky beast (D:8)
  2 orc warriors
  4 ogres
  A phantom (D:5)
  4 kobold brigands
  7 bullfrogs
  A deep troll simulacrum (D:14)
  A gnoll sergeant (D:9)
  6 scorpions
  A lindwurm simulacrum (D:14)
  15 killer bees
  4 howler monkeys
  A jelly (D:5)
  7 hounds
  7 orc priests
  2 sleepcaps
  2 gnoll boudas
  An iguana (D:4)
  6 orc wizards
  17 gnolls
  6 adders
  An ufetubus (D:5)
  5 worms
  2 dart slugs
  26 orcs
  6 ball pythons
  4 bats (D:1)
  4 endoplasms
  10 giant cockroaches
  5 goblins
  7 hobgoblins
  5 jackals
  17 kobolds
  2 quokkas
  4 frilled lizards
  5 rats
234 creatures vanquished.

Vanquished Creatures (collateral kills)
  A killer bee (D:7)
1 creature vanquished.

Vanquished Creatures (others)
  An orc wizard (D:5)
  2 gnolls (D:5)
3 creatures vanquished.

Grand Total: 238 creatures vanquished

Notes
Turn   | Place    | Note
-------+----------+-------------------------------------------
     0 | D:5      | petzl the Formicid Delver began the quest for the Orb.
     0 | D:5      | Reached XP level 1. HP: 18/18 MP: 1/1
    93 | D:6      | Noticed an ogre
   104 | D:7      | Noticed an orc warrior
   104 | D:7      | Noticed an orc priest
   113 | D:7      | Noticed a hound
   140 | D:5      | Noticed a hound
   144 | D:5      | Noticed a gnoll bouda
   147 | D:5      | Noticed a jelly
   170 | D:6      | Identified the +2 trident of Gallantry {venom, rElec rC++
                  | Str+8 Dex-3}
   218 | D:6      | Noticed a hound
   323 | D:6      | Noticed a hound
   377 | D:7      | Noticed a hound
   431 | D:6      | Found a shadowy altar of Dithmenos.
   450 | D:7      | Noticed a sleepcap
   450 | D:7      | Noticed a hound
   610 | D:6      | Killed a hound
   611 | D:6      | Reached skill level 1 in Armour
   611 | D:6      | Reached skill level 1 in Spellcasting
   611 | D:6      | Reached skill level 1 in Evocations
   611 | D:6      | Reached XP level 2. HP: 17/24 MP: 1/3
   611 | D:6      | Reached XP level 3. HP: 20/29 MP: 1/4
   728 | D:6      | Noticed a scorpion
   730 | D:6      | Killed a scorpion
   731 | D:6      | Reached XP level 4. HP: 37/37 MP: 4/6
   763 | D:6      | Noticed a scorpion
   769 | D:6      | Killed a scorpion
   770 | D:6      | Reached XP level 5. HP: 42/42 MP: 6/8
   790 | D:5      | Reached XP level 6. HP: 27/48 MP: 9/9
   936 | D:4      | Noticed an ogre
  1807 | D:2      | Identified the +3 shortbow "Pifut" {flame, Drain Int+3
                  | Dex+3}
  1833 | D:2      | Reached XP level 7. HP: 47/55 MP: 11/11
  2728 | D:3      | Found a burning altar of Makhleb.
  3058 | D:4      | Reached skill level 1 in Ranged Weapons
  3146 | D:4      | Learned a level 2 spell: Poisonous Vapours
  3150 | D:4      | Learned a level 3 spell: Mephitic Cloud
  3158 | D:4      | Found a basalt altar of Yredelemnul.
  3161 | D:4      | Noticed Eustachio
  3206 | D:4      | Reached skill level 5 in Fighting
  3229 | D:4      | Reached skill level 1 in Poison Magic
  3272 | D:4      | Reached skill level 1 in Conjurations
  3349 | D:4      | Reached skill level 1 in Air Magic
  3349 | D:4      | Reached XP level 8. HP: 56/62 MP: 12/12
  3349 | D:4      | Found a runed translucent door.
  3393 | D:4      | Found a runed translucent door.
  3397 | D:4      | Found a hazy altar of Hepliaklqana.
  3416 | D:4      | Noticed randomguy2701's ghost (amateur GnWn)
  3487 | D:5      | Found a radiant altar of Vehumet.
  3538 | D:4      | Killed Eustachio
  3578 | D:5      | Identified a scroll of acquirement
  4058 | D:5      | Became a worshipper of Vehumet
  4585 | D:7      | Reached XP level 9. HP: 68/68 MP: 14/14
  5182 | D:8      | Found an iron altar of Okawaru.
  5191 | D:8      | Identified the +5 hand axe "Fenat" {heavy, *Corrode rPois
                  | rF+ Stlth+}
  5285 | D:8      | Noticed a two-headed ogre
  5386 | D:8      | Reached * piety under Vehumet
  5386 | D:8      | Offered knowledge of Foxfire by Vehumet.
  5525 | D:8      | Noticed Maggie
  5579 | D:8      | Reached skill level 5 in Poison Magic
  5820 | D:9      | Noticed a hornet
  6154 | D:9      | Reached skill level 5 in Armour
  6154 | D:9      | Reached XP level 10. HP: 37/76 MP: 15/17
  6440 | D:9      | Learned a level 5 spell: Freezing Cloud
  6550 | D:9      | Found a shimmering blue altar of Sif Muna.
  6648 | D:9      | Found a white marble altar of Elyvilon.
  6651 | D:9      | Found a bloodstained altar of Trog.
  6654 | D:9      | Found a sacrificial altar of Ru.
  6705 | D:9      | Learned a level 4 spell: Olgreb's Toxic Radiance
  6749 | D:9      | Reached skill level 5 in Spellcasting
  6751 | D:9      | Reached skill level 1 in Ice Magic
  6770 | D:9      | Reached skill level 5 in Conjurations
  6977 | D:9      | Noticed a two-headed ogre
  7226 | D:10     | Entered Level 10 of the Dungeon
  7590 | D:10     | Found an ancient bone altar of Kikubaaqudgha.
  7633 | D:10     | Noticed a catoblepas
  7672 | D:10     | Noticed a two-headed ogre
  7700 | D:10     | Noticed a gargoyle
  8412 | D:10     | Reached ** piety under Vehumet
  8414 | D:10     | Offered knowledge of Kiss of Death by Vehumet.
  8438 | D:10     | Learned a level 5 spell: Fireball
  8573 | D:10     | Found a sparkling altar of Nemelex Xobeh.
  8656 | D:11     | Noticed a cyclops
  8658 | D:11     | Reached skill level 5 in Air Magic
  8672 | D:11     | Killed a cyclops
  8673 | D:11     | Reached XP level 11. HP: 81/81 MP: 7/20
  8959 | D:11     | Found a staircase to the Lair.
  9568 | D:10     | You fall into a shaft and drop 2 floors!
  9731 | D:12     | Noticed a skeletal warrior
  9856 | D:11     | Found a staircase to the Orcish Mines.
 10054 | D:11     | You fall into a shaft and drop 2 floors!
 10122 | D:13     | Noticed a manticore
 10782 | D:4      | Found a staircase to the Ecumenical Temple.
 11000 | D:4      | Killed randomguy2701's ghost
 11208 | D:8      | Killed Maggie
 11208 | D:8      | Offered knowledge of Frozen Ramparts by Vehumet.
 11322 | D:8      | Killed a two-headed ogre
 11795 | D:9      | Killed a two-headed ogre
 11796 | D:9      | Reached skill level 1 in Shields
 11796 | D:9      | Reached skill level 5 in Ice Magic
 11929 | D:9      | Found a stormy altar of Qazlal.
 12014 | D:11     | You fall into a shaft and drop 3 floors!
 12398 | D:14     | Found a frozen archway.
 12626 | D:14     | Reached XP level 12. HP: 88/88 MP: 23/23
 12643 | D:14     | Reached skill level 5 in Fire Magic
 12695 | IceCv    | Entered an ice cave
 12706 | IceCv    | Mangled by a caustic shrike simulacrum

Illustrated notes

Levels and vault maps discovered:
D:1:      roderic_chinese_lattice_arrival, layout_basic
D:2:      layout_loops_cross, st_stairs_3
D:3:      layout_loops_ring, nicolae_overflow_crystal_walls
D:4:      layout_cave_pools, mainiacjoe_overflow_catch_the_wave,
          minmay_temple_entry_antechambers, ebering_ghost_sewer_f,
          serial_forest, infiniplex_forest_zigzag_1, infiniplex_forest_end_1,
          infiniplex_forest_lined_ring, infiniplex_forest_corner_1,
          infiniplex_forest_clump_double, infiniplex_forest_end_2,
          uniq_eustachio
D:5:      layout_cave_pools, fiery_altar_vehumet, reono_crystal_passage,
          grunt_ministairs_13
D:6:      layout_loops_ring, nicolae_overflow_hidden_temple
D:7:      layout_rooms, serial_corexii_hall, chequers_hall_statues_y,
          corexii_hall_statues_i, corexii_hall_statues_i
D:8:      nicolae_BIG_FREAKIN_CUBE, layout_cave_pods, okawaru_ov_weapons_minmay,
          uniq_maggie
D:9:      layout_stronghold, grunt_temple_overflow_diamond,
          mainiacjoe_overflow_alcove_2, mainiacjoe_overflow_alcove_4
D:10:     layout_basic, nemelex_spade_bored_becter, kiku_gazebo_garden_becter
D:11:     layout_stronghold, due_lair_maze_entry_diamond,
          minmay_orc_entry_temple_small, nicolae_concentric_dashed_squares_wild
D:12:     kennysheep_blocky_room, layout_basic, gammafunk_ghost_fury_of_okawaru,
          cheibriados_altar_1
D:13:     minmay_guarded_unrand_guard, layout_rooms, uniq_jorgrun, uniq_sonja
D:14:     layout_roguey, david_vaults_2, portal_ice_cave_entry_ice_simulacra,
          nicolae_hexahallways, minmay_guarded_unrand_skullcrusher
IceCv:    ice_cave_statue_garden_chambered

Skill      XL: |  1  2  3  4  5  6  7  8  9 10 11 12 |
---------------+-------------------------------------+-----
Armour         | 1 2 3 4 5 6 |  6.0
Dodging        | 2 3 4 |  4.0
Spellcasting   | 1 2 3 4 6 7 |  7.5
Evocations     | 1 2 |  2.0
Fighting       | 4 5 6 |  6.0
Ranged Weapons | 2 3 4 |  4.0
Poison Magic   | 1 3 5 6 7 |  7.0
Conjurations   | 1 2 4 5 7 |  7.2
Air Magic      | 1 2 3 5 |  5.0
Ice Magic      | 2 5 |  5.2
Shields        | 1 |  1.4
Fire Magic     | 4 5 |  5.4
Maces & Flails | |  2.0
Stealth        | |  6.0

Action                     |  1- 3 |  4- 6 |  7- 9 | 10-12 || total
---------------------------+-------+-------+-------+-------++-------
  Melee: Trident           |     4 |    95 |    17 |       ||   116
         Punch             |       |     2 |       |       ||     2
         Shortbow          |       |       |     1 |       ||     1
   Fire: Shortbow          |       |       |   263 |   219 ||   482
  Throw: Stone             |     3 |       |       |       ||     3
         Throwing net      |       |       |       |     2 ||     2
   Cast: Mephitic Cloud    |       |       |     3 |    11 ||    14
         Olgreb's Toxic Ra |       |       |       |    56 ||    56
         Freezing Cloud    |       |       |       |     5 ||     5
         Fireball          |       |       |       |     7 ||     7
Ability: Dig               |     1 |       |       |     6 ||     7
         Shaft Self        |       |       |       |     3 ||     3
  Evoke: Wand              |       |     1 |     1 |    17 ||    19
    Use: Scroll            |     1 |       |     9 |     4 ||    14
         Potion            |       |       |     2 |     1 ||     3
   Stab: Sleeping          |     1 |     6 |     3 |       ||    10
 Armour: Leather armour    |     3 |    57 |     4 |       ||    64
         Ring mail         |       |       |    61 |    87 ||   148
         Skin              |       |       |     2 |       ||     2
  Dodge: Dodged            |       |    50 |    74 |    87 ||   211

Table legend: (Time is in decaauts)
 A = Elapsed time spent in this place.
 B = Non-inter-level travel time spent in this place.
 C = Inter-level travel time spent in this place.
 D = Time resting spent in this place.
 E = Time spent auto-exploring this place.
 F = Levels seen in this place.
 G = Mean time per level.
                   A        B        C        D        E       F      G
               +--------+--------+--------+--------+--------+-----+--------+
         Total |  12920 |  11918 |   1002 |   2463 |   5352 |  15 |  861.3 |
       Dungeon |  12909 |  11907 |   1002 |   2463 |   5352 |  14 |  922.1 |
      Ice Cave |     11 |     11 |      0 |      0 |      0 |   1 |   11.0 |
               +--------+--------+--------+--------+--------+-----+--------+

Top non-repeatable levels by time:
     D:9: 2183 daAuts
    D:11: 1566 daAuts
     D:8: 1251 daAuts
     D:6: 1195 daAuts
    D:10: 1071 daAuts
     D:4: 919 daAuts
     D:3: 843 daAuts
     D:5: 820 daAuts
     D:2: 720 daAuts
    D:14: 687 daAuts
     D:7: 629 daAuts
     D:1: 587 daAuts
    D:12: 357 daAuts
    D:13: 76 daAuts
   IceCv: 11 daAuts
